[Event "FIDE World Cup G12-B 2024"]
[Site "Batumi"]
[Date "2024.06.28"]
[Round "6.1"]
[White "Gunawardhana, Devindya Oshini"]
[Black "Pratitee Bordoloi"]
[Result "0-1"]
[ECO "B11"]
[WhiteElo "1980"]
[BlackElo "1796"]
[Annotator "NA RC"]
[PlyCount "112"]
[EventDate "2024.06.23"]
[EventType "swiss"]
[EventCountry "GEO"]
[SourceTitle "playchess.com"]
[Source "ChessBase"]
[SourceQuality "1"]
[TimeControl "5400+30"]

1. e4 c6 2. Nc3 d5 3. Nf3 Bg4 4. h3 Bxf3 5. Qxf3 e6 6. d3 Nf6 7. Be2 Bd6 8. d4 {[%emt 0:01:12] B11: Caro-Kann: Two Knights Variation.} Be7 9. e5 Nfd7 10. Qg3 g6 11. a4 (11. Bh6 $14) 11... a6 12. O-O c5 13. dxc5 Nc6 14. f4 Nxc5 15. Bd3 Rc8 16. Kh2 (16. Rb1 $142) 16... Nxd3 17. cxd3 Nd4 18. Qf2 Nf5 ({Black should try} 18... Nb3 19. Rb1 d4) 19. Bd2 Bh4 20. Qf3 h5 21. Rac1 Kf8 22. Ne2 Kg7 $15 23. a5 Qd7 24. Bc3 Qa4 25. Ra1 Qb3 26. Nd4 Nxd4 27. Bxd4 Be7 28. Rac1 Bb4 29. Qe3 Be7 30. Qf3 Qb5 31. Bc3 Rc6 32. Qe3 Rhc8 33. Rce1 Bb4 34. Bxb4 Qxb4 35. Qg3 Qxa5 36. h4 Kh7 37. Re3 Qc7 38. Ref3 Qe7 39. b3 Rc1 40. R1f2 R8c2 41. d4 Rxf2 42. Rxf2 Rd1 43. Rc2 Rxd4 44. Rc8 Rb4 45. Rb8 Qc7 46. Re8 Qc1 47. Re7 Qxf4 48. Qxf4 Rxf4 49. g3 Rf5 50. Rxb7 Kg7 51. Rb6 Rxe5 52. Rxa6 Re2+ 53. Kg1 Re3 54. b4 Rxg3+ 55. Kf2 Rg4 56. b5 Rxh4 0-1

[Event "FIDE World Cup G12-B 2024"]
[Site "Batumi"]
[Date "2024.06.28"]
[Round "6.2"]
[White "Amin-Erdene, Tsengel"]
[Black "Amanzhol, Khanzada"]
[Result "0-1"]
[ECO "E04"]
[WhiteElo "1491"]
[BlackElo "1685"]
[Annotator "NA RC"]
[PlyCount "98"]
[EventDate "2024.06.23"]
[EventType "swiss"]
[EventCountry "GEO"]
[SourceTitle "playchess.com"]
[Source "ChessBase"]
[SourceQuality "1"]
[TimeControl "5400+30"]

1. d4 Nf6 2. c4 e6 3. g3 d5 4. Bg2 Bb4+ 5. Nd2 O-O 6. Ngf3 dxc4 7. Qc2 b5 8. a4 Ba6 9. O-O Nc6 10. axb5 Bxb5 11. Nxc4 Nd5 12. Rd1 a5 13. e4 Nf6 14. Bf4 Qc8 15. d5 Ne7 16. Ne3 exd5 17. exd5 Bd6 18. Bxd6 cxd6 19. Qxc8 Rfxc8 20. Nd4 Bd7 21. Rac1 a4 22. Nc6 Kf8 23. Nc4 Nexd5 24. Bxd5 Nxd5 25. Rxd5 Bxc6 26. Nxd6 Bxd5 27. Rxc8+ Rxc8 28. Nxc8 Ke8 29. Nd6+ Kd7 30. Nb5 Kc6 31. Nc3 Bb3 32. Kf1 Kc5 33. Ke2 Kc4 34. Kd2 f6 35. f3 Kd4 36. Ne2+ Kc4 37. Nc3 Kb4 38. Ne2 Bd5 39. f4 Kc4 40. h3 Bf3 41. Nc1 Kd4 42. Na2 Bc6 43. Nc3 Bd7 44. g4 Kc4 45. Kc2 h5 46. gxh5 Bf5+ 47. Kc1 a3 48. h4 Bh7 49. Na2 Kb3 0-1

[Event "FIDE World Cup G12-B 2024"]
[Site "Batumi"]
[Date "2024.06.28"]
[Round "6.3"]
[White "Li, Sophie"]
[Black "Xu, Luna Yuexiu"]
[Result "1-0"]
[ECO "B52"]
[WhiteElo "1764"]
[BlackElo "1761"]
[Annotator "NA RC"]
[PlyCount "115"]
[EventDate "2024.06.23"]
[EventType "swiss"]
[EventCountry "GEO"]
[SourceTitle "playchess.com"]
[Source "ChessBase"]
[SourceQuality "1"]
[TimeControl "5400+30"]

1. e4 c5 2. Nf3 d6 3. Bb5+ Bd7 4. Bxd7+ Nxd7 5. O-O Ngf6 6. Re1 e6 7. c3 Be7 8. d4 O-O 9. Nbd2 Rc8 10. Nb3 b6 11. h3 d5 12. e5 Ne4 13. Nbd2 Nxd2 14. Bxd2 Re8 15. Re3 Nf8 16. Rc1 Ng6 17. g3 f5 18. exf6 Bxf6 19. Qe2 cxd4 20. Rxe6 dxc3 21. Rxe8+ Qxe8 22. Qxe8+ Rxe8 23. Bxc3 Rc8 24. Bd2 Rxc1+ 25. Bxc1 Ne5 26. Nxe5 Bxe5 27. Kf1 Kf7 28. Ke2 Ke6 29. Kd3 Kd6 30. b3 a6 31. Be3 g6 32. Bxb6 Kc6 33. Bd4 Bd6 34. Bc3 h5 35. a4 Bc5 36. f4 Kd6 37. b4 Bf2 38. g4 hxg4 39. hxg4 Ke6 40. Bd4 Bg3 41. Be3 Kd6 42. Ke2 d4 43. Bd2 Ke6 44. Kf3 Bh4 45. Ke4 Bf6 46. Be1 Bg7 47. Bf2 Bf8 48. f5+ gxf5+ 49. gxf5+ Kf7 50. b5 axb5 51. axb5 Bd6 52. Bxd4 Ke7 53. Kd5 Kd7 54. f6 Bf8 55. Bc5 Bh6 56. f7 Bg7 57. f8=Q Bxf8 58. Bxf8 1-0

[Event "FIDE World Cup G12-B 2024"]
[Site "Batumi"]
[Date "2024.06.28"]
[Round "6.4"]
[White "Vazquez Sanchez, Antia"]
[Black "Sreekarthika Velmurugan"]
[Result "1/2-1/2"]
[ECO "D11"]
[WhiteElo "1607"]
[BlackElo "1838"]
[Annotator "NA RC"]
[PlyCount "135"]
[EventDate "2024.06.23"]
[EventType "swiss"]
[EventCountry "GEO"]
[SourceTitle "playchess.com"]
[Source "ChessBase"]
[SourceQuality "1"]
[TimeControl "5400+30"]

1. d4 d5 2. c4 c6 3. Qc2 Nf6 4. Nf3 g6 5. Nbd2 Bg7 6. g3 Bf5 7. Qd1 O-O 8. Bg2 c5 9. O-O Nc6 10. dxc5 dxc4 11. Nxc4 Ne4 12. Nh4 Qxd1 13. Rxd1 Nd4 14. Nxf5 gxf5 15. Bxe4 fxe4 16. Kf1 Rac8 17. Be3 Ne6 18. Rac1 Nxc5 19. Bd4 Bxd4 20. Rxd4 f5 21. Nd2 Ne6 22. Rdc4 Rcd8 23. Ke1 Ng5 24. h4 Ne6 25. Nb3 Rd6 26. Nc5 Nd8 27. g4 b6 28. Nb3 Rh6 29. h5 Nf7 30. gxf5 Nd6 31. Rc7 Nxf5 32. Rxa7 Rxh5 33. Rb7 Rh2 34. Rxb6 Nd6 35. Kd2 Rd8 36. Ke3 Nf5+ 37. Kxe4 Rxf2 38. Rg1+ Kf7 39. Re1 Nd6+ 40. Ke3 Rf6 41. Rb4 h5 42. Rf4 Nf5+ 43. Kf2 e5 44. Rf3 e4 45. Rf4 e3+ 46. Kg1 Rg8+ 47. Kh2 Nh6 48. Rxf6+ Kxf6 49. Nc5 Ng4+ 50. Kh3 Nf2+ 51. Kh2 h4 52. Nd3 Nxd3 53. exd3 Rg3 54. a4 Ke5 55. a5 Kd4 56. a6 Kxd3 57. b4 Rf3 58. a7 Rf2+ 59. Kh3 Ra2 60. Rd1+ Kc2 61. Rd7 e2 62. Re7 Kd1 63. b5 Ra3+ 64. Kh2 Ra2 65. Kh3 Ra3+ 66. Kxh4 Ra4+ 67. Kh5 Ra5 68. Kh6 1/2-1/2

[Event "FIDE World Cup G12-B 2024"]
[Site "Batumi"]
[Date "2024.06.28"]
[Round "6.5"]
[White "Shomanova, Adiya"]
[Black "Pavithra R V"]
[Result "0-1"]
[ECO "B38"]
[WhiteElo "1542"]
[BlackElo "1614"]
[Annotator "NA RC"]
[PlyCount "130"]
[EventDate "2024.06.23"]
[EventType "swiss"]
[EventCountry "GEO"]
[SourceTitle "playchess.com"]
[Source "ChessBase"]
[SourceQuality "1"]
[TimeControl "5400+30"]

1. e4 c5 2. Nf3 g6 3. d4 cxd4 4. Nxd4 Bg7 5. c4 Nc6 6. Be3 d6 7. Nc3 Nf6 8. Be2 O-O 9. O-O Bd7 10. Rc1 Nxd4 11. Bxd4 Bc6 12. Qd3 a5 13. b3 Nd7 14. Bxg7 Kxg7 15. Qd4+ Kg8 16. Bg4 Nf6 17. Be2 Nd7 18. Bg4 Qb6 19. Qd2 Ne5 20. Bh3 a4 21. Rb1 axb3 22. axb3 Ra3 23. Qb2 Rfa8 24. Qc2 Qb4 25. Rfc1 Qb6 26. Kh1 e6 27. f4 Nd7 28. f5 exf5 29. exf5 Qe3 30. Bg4 Ne5 31. Re1 Qd4 32. Bh3 Nd3 33. Rf1 Nf4 34. Ne2 Nxe2 35. Qxe2 Ra2 36. Qe7 Qd2 37. Rbd1 Qh6 38. Rd3 Re8 39. Qxd6 Rf2 40. Rg1 Rf4 41. fxg6 hxg6 42. Rg3 Rh4 43. Qd3 Be4 44. Qd7 Rf8 45. Rf1 Bc6 46. Qd3 Re8 47. b4 Rf4 48. b5 Be4 49. Qd1 Rh4 50. Qd7 Rf8 51. c5 Qh5 52. Rc1 Qh6 53. Re1 Qh5 54. Rc3 Qg5 55. Rce3 Qxc5 56. Qd1 Re8 57. Qe2 Qg5 58. Bd7 Re7 59. Bh3 Qh6 60. Qd2 Rxh3 61. Qd8+ Kh7 62. Rxe4 Rxe4 63. Rd1 Rxh2+ 64. Kg1 Rh1+ 65. Kf2 Qf4# 0-1

[Event "FIDE World Cup G12-B 2024"]
[Site "Batumi"]
[Date "2024.06.28"]
[Round "6.6"]
[White "Abylaykyzy, Bibisara"]
[Black "Bassari, Senem Gul"]
[Result "0-1"]
[ECO "B23"]
[WhiteElo "1577"]
[BlackElo "1768"]
[Annotator "NA RC"]
[PlyCount "98"]
[EventDate "2024.06.23"]
[EventType "swiss"]
[EventCountry "GEO"]
[SourceTitle "playchess.com"]
[Source "ChessBase"]
[SourceQuality "1"]
[TimeControl "5400+30"]

1. e4 c5 2. Nc3 d6 3. f4 Nc6 4. Bb5 Bd7 5. Bxc6 Bxc6 6. d3 g6 7. Nf3 Bg7 8. O-O e6 9. Qe1 Ne7 10. Be3 b6 11. Rd1 d5 12. exd5 Nxd5 13. Ne5 Bb7 14. Ne4 Qc7 15. Bc1 O-O-O 16. Ng5 Rdf8 17. Qe2 h6 18. Nxe6 fxe6 19. Nxg6 Qd6 20. c3 Rfg8 21. Nxh8 Bxh8 22. Rf2 Bxc3 23. bxc3 Nxc3 24. Qe1 Nxd1 25. Qxd1 Qd5 26. Qe2 h5 27. h3 Kd7 28. Qc2 Rg3 29. d4 Qxd4 30. Qh7+ Rg7 31. Qc2 Rxg2+ 32. Kf1 Rxf2+ 33. Qxf2 Qd1+ 34. Qe1 Qf3+ 35. Qf2 Qxh3+ 36. Ke1 Qh1+ 37. Kd2 Qd5+ 38. Ke1 Qe4+ 39. Kf1 Bd5 40. Qg3 Qc4+ 41. Kf2 Qxc1 42. Qg7+ Kc6 43. Qf8 Qd2+ 44. Kf1 Bc4+ 45. Kg1 Qe1+ 46. Kg2 Bd5+ 47. Kh3 Qh1+ 48. Kg3 Qg2+ 49. Kh4 Qg4# 0-1

[Event "FIDE World Cup G12-B 2024"]
[Site "Batumi"]
[Date "2024.06.28"]
[Round "6.7"]
[White "Siddhi Rao"]
[Black "Gao, Lilianna"]
[Result "0-1"]
[ECO "B36"]
[WhiteElo "1601"]
[BlackElo "1646"]
[Annotator "NA RC"]
[PlyCount "82"]
[EventDate "2024.06.23"]
[EventType "swiss"]
[EventCountry "GEO"]
[SourceTitle "playchess.com"]
[Source "ChessBase"]
[SourceQuality "1"]
[TimeControl "5400+30"]

1. e4 c5 2. Nf3 Nc6 3. d4 cxd4 4. Nxd4 g6 5. c4 Nf6 6. Nc3 d6 7. Be2 Nxd4 8. Qxd4 Bg7 9. Be3 O-O 10. Qd3 a5 11. O-O a4 12. h3 Qa5 13. f4 a3 14. b4 Qxb4 15. Rab1 Qa5 16. Bb6 Qa6 17. Qe3 Be6 18. Nb5 Rac8 19. Rfc1 Nd7 20. Bd4 Nc5 21. Bxg7 Kxg7 22. Qd4+ Kg8 23. Rc3 Nxe4 24. Rxa3 Qc6 25. Bf3 f5 26. Bxe4 Qxe4 27. Qxe4 fxe4 28. Nd4 Bxc4 29. Rxb7 Rxf4 30. Raa7 e3 31. Rxe7 Rxd4 32. Rxe3 Rd1+ 33. Kh2 Rf8 34. a4 Bd5 35. g4 g5 36. Re2 Rh1+ 37. Kg3 Rf3+ 38. Kg2 Rf7+ 39. Kg3 Rxa7 40. Rf2 Rg1+ 41. Rg2 Rxg2# 0-1

[Event "FIDE World Cup G12-B 2024"]
[Site "Batumi"]
[Date "2024.06.28"]
[Round "6.8"]
[White "Lu, Yichen"]
[Black "QUICKPEN, Deborah Ebimobo-ere"]
[Result "1-0"]
[ECO "B11"]
[WhiteElo "1561"]
[BlackElo "2048"]
[Annotator "NA RC"]
[PlyCount "87"]
[EventDate "2024.06.23"]
[EventType "swiss"]
[EventCountry "GEO"]
[SourceTitle "playchess.com"]
[Source "ChessBase"]
[SourceQuality "1"]
[TimeControl "5400+30"]

1. e4 c6 2. Nc3 d5 3. Nf3 dxe4 4. Nxe4 Nf6 5. Qe2 Bf5 6. Nxf6+ {[%emt 0:02:36] B11: Caro-Kann: Two Knights Variation.} gxf6 7. d3 Nd7 8. Bd2 e6 9. Nd4 (9. O-O-O $14 {is more appropriate.}) 9... Bg6 10. h4 h5 11. f4 Nc5 12. Bc3 (12. Qf2 $11 {feels stronger.}) 12... Qd5 13. Nb3 Nxb3 14. axb3 Be7 15. Ra5 b5 16. Qf3 Qxf3 17. gxf3 a6 18. b4 Kd7 19. Ke2 Bf5 20. Rg1 e5 21. fxe5 fxe5 22. Be1 Rhe8 23. Kd1 c5 24. bxc5 $1 Bxc5 25. Rg5 Bg6 26. Bh3+ Kc6 27. f4 e4 (27... Be3 $142) 28. f5 Be3 29. fxg6 Bxg5 30. gxf7 Rf8 31. hxg5 Rxf7 32. Bg2 Kb6 33. Bxe4 Re8 34. g6 Rf1 35. Ra1 Rg1 36. Kd2 Rf8 37. Ke2 Rg4 38. Bf2+ Kc7 39. Rxa6 h4 40. Ra7+ $18 Kd6 41. Rh7 Re8 42. Kf3 Rg5 43. Bxh4 Rf8+ 44. Rf7 1-0

[Event "FIDE World Cup G12-B 2024"]
[Site "Batumi"]
[Date "2024.06.28"]
[Round "6.9"]
[White "Bakhshizada, Asnad"]
[Black "Tereshchenko, Eliza"]
[Result "1/2-1/2"]
[ECO "C42"]
[WhiteElo "1748"]
[BlackElo "1694"]
[Annotator "NA RC"]
[PlyCount "193"]
[EventDate "2024.06.23"]
[EventType "swiss"]
[EventCountry "GEO"]
[SourceTitle "playchess.com"]
[Source "ChessBase"]
[SourceQuality "1"]
[TimeControl "5400+30"]

1. d4 d5 2. c4 dxc4 3. e3 e5 4. Bxc4 exd4 5. exd4 Nf6 6. Nf3 Be7 7. O-O O-O 8. Nc3 Bg4 9. Be2 Nbd7 10. Be3 Nb6 11. Ne5 Bxe2 12. Qxe2 Nbd5 13. Bg5 Nxc3 14. bxc3 Nd5 15. Bxe7 Qxe7 16. Qf3 c6 17. Rab1 f6 18. Nc4 Rfe8 19. Qg3 Rad8 20. h3 b5 21. Na5 Qd6 22. Qf3 Qc7 23. Nb3 Qf4 24. Qd3 Qe4 25. Qxe4 Rxe4 26. Rbc1 Re2 27. c4 Nf4 28. cxb5 cxb5 29. Ra1 Rb2 30. Rfd1 Ne2+ 31. Kf1 Nc3 32. Rd3 Ne4 33. f3 Ng3+ 34. Kg1 Ne2+ 35. Kh1 Nf4 36. Re3 Nxg2 37. Re4 f5 38. Re7 Nh4 39. Rf1 Rxa2 40. Nc5 Rxd4 41. Ne6 Rdd2 42. Rxg7+ Kh8 43. Rg3 Rh2+ 44. Kg1 Rag2+ 45. Rxg2 Rxg2+ 46. Kh1 Rg6 47. Nd4 Rb6 48. Re1 a5 49. Re5 a4 50. Nxb5 Rc6 51. Re3 f4 52. Ra3 Rc1+ 53. Kh2 Rc2+ 54. Kh1 Rc4 55. Nd6 Rd4 56. Nb5 Rb4 57. Nc7 Kg8 58. Ne6 Rc4 59. Nd8 Kf8 60. Nb7 Ke7 61. Na5 Rc2 62. Kg1 Rc1+ 63. Kf2 Rc2+ 64. Kf1 Rc1+ 65. Kf2 Rh1 66. Rxa4 Rh2+ 67. Kf1 Ng6 68. Re4+ Kf6 69. Nc6 Rxh3 70. Kf2 h5 71. Nd4 Rh2+ 72. Kg1 Rd2 73. Ne6 Ne5 74. Nxf4 Nxf3+ 75. Kf1 Nh2+ 76. Kg1 Nf3+ 77. Kf1 Kf5 78. Ra4 Kg4 79. Ne2+ Kg5 80. Ra5+ Kg4 81. Ra4+ Kg5 82. Ra5+ Kh4 83. Ra4+ Kg5 84. Ra5+ Kh6 85. Ra6+ Kg7 86. Ra7+ Kf8 87. Ra5 Nh2+ 88. Ke1 Nf3+ 89. Kf1 Nh2+ 90. Ke1 Rb2 91. Rxh5 Nf3+ 92. Kf1 Nd2+ 93. Kf2 Ne4+ 94. Ke3 Rxe2+ 95. Kxe2 Ng3+ 96. Kf3 Nxh5 97. Ke4 1/2-1/2

[Event "FIDE World Cup G12-B 2024"]
[Site "Batumi"]
[Date "2024.06.28"]
[Round "6.10"]
[White "Nakashidze, Nino"]
[Black "Rusitashvili, Tea"]
[Result "0-1"]
[ECO "B33"]
[WhiteElo "1618"]
[BlackElo "1535"]
[Annotator "NA RC"]
[PlyCount "132"]
[EventDate "2024.06.23"]
[EventType "swiss"]
[EventCountry "GEO"]
[SourceTitle "playchess.com"]
[Source "ChessBase"]
[SourceQuality "1"]
[TimeControl "5400+30"]

1. e4 c5 2. Nf3 Nc6 3. d4 cxd4 4. Nxd4 Nf6 5. Nc3 e5 6. Ndb5 d6 7. Bg5 a6 8. Na3 b5 9. Bxf6 gxf6 10. Nd5 Bg7 11. c3 Ne7 12. Nc2 O-O 13. Nce3 Be6 14. Be2 Bxd5 15. Nxd5 Nxd5 16. Qxd5 Qd7 17. O-O f5 18. exf5 Qxf5 19. Bd3 Qe6 20. Qxe6 fxe6 21. g3 d5 22. f3 Rf7 23. Kg2 Bf6 24. Rf2 Be7 25. Re1 Bd6 26. Rff1 Raf8 27. b4 Rc7 28. Rc1 Rfc8 29. Rfe1 Rxc3 30. Rxc3 Rxc3 31. Bb1 Rc4 32. Kf2 Rxb4 33. Rc1 Rc4 34. Rd1 Bc5+ 35. Ke2 Rc3 36. Rf1 Re3+ 37. Kd2 d4 38. Be4 Bb4+ 39. Kc2 Re2+ 40. Kb1 Rxh2 41. Rc1 Bc3 42. Rf1 Rb2+ 43. Kc1 Rxa2 44. Rd1 b4 45. g4 b3 46. g5 b2+ 47. Kc2 Ra1 48. Rb1 Rxb1 49. Kxb1 Kg7 50. Kc2 a5 51. Kb1 h6 52. gxh6+ Kxh6 53. Ka2 Kg5 54. Kb3 Kf4 55. Kc2 Ke3 56. Kb3 Kd2 57. Ka2 d3 58. Kb1 Ke2 59. Ka2 d2 60. Bc2 d1=Q 61. Bxd1+ Kxd1 62. Kb1 Kd2 63. f4 exf4 64. Ka2 Kc2 65. Ka3 b1=Q 66. Ka4 Qb4# 0-1

[Event "FIDE World Cup G12-B 2024"]
[Site "Batumi"]
[Date "2024.06.28"]
[Round "6.11"]
[White "Chiokadze, Barbare"]
[Black "Bechvaia, Anastasia"]
[Result "1-0"]
[ECO "E73"]
[WhiteElo "1461"]
[BlackElo "1549"]
[Annotator "NA RC"]
[PlyCount "91"]
[EventDate "2024.06.23"]
[EventType "swiss"]
[EventCountry "GEO"]
[SourceTitle "playchess.com"]
[Source "ChessBase"]
[SourceQuality "1"]
[TimeControl "5400+30"]

1. d4 d6 2. c4 Nf6 3. Nc3 g6 4. e4 Bg7 5. Be2 O-O 6. Bg5 e5 7. dxe5 dxe5 8. Qxd8 Rxd8 9. Nd5 Nbd7 10. Nxc7 Rb8 11. Nd5 h6 12. Nxf6+ Nxf6 13. Bxf6 Bxf6 14. Nf3 Be6 15. O-O a5 16. Rad1 Rbc8 17. b3 Rxd1 18. Rxd1 a4 19. bxa4 Bxc4 20. Rc1 Be6 21. Rxc8+ Bxc8 22. Nd2 Kf8 23. Nc4 Ke7 24. Nb6 Be6 25. Bc4 Bxc4 26. Nxc4 Kd7 27. Kf1 Kc6 28. Ke2 Kc5 29. Kd3 g5 30. Kc3 Bd8 31. Kd3 f6 32. a3 b6 33. Ne3 h5 34. Nf5 h4 35. g3 hxg3 36. fxg3 b5 37. axb5 Kxb5 38. h4 gxh4 39. gxh4 Ka4 40. h5 Kxa3 41. h6 Ba5 42. h7 Kb2 43. h8=Q Kc1 44. Qc8+ Kd1 45. Qc2+ Ke1 46. Qe2# 1-0